 Dungeon Crawl Stone Soup version 0.27-a0-1296-g8ece459b43 (webtiles) character file.

Game seed: 14183211058516611878

20 Delamore the Shield-Bearer (level 3, -1/30 HPs)
             Began as a Formicid Fighter on June 16, 2021.
             Slain by Terence (3 damage)
             ... on level 1 of the Dungeon.
             The game lasted 00:00:45 (855 turns).

Delamore the Shield-Bearer (Formicid Fighter)        Turns: 855, Time: 00:00:46

Health: -1/30      AC:  6    Str: 21    XL:     3   Next: 0%
Magic:  3/3        EV:  8    Int:  7    God:
Gold:   20         SH:  9    Dex: 10    Spells: 2/2 levels left

rFire    + . .     SeeInvis +   a - +0 trident
rCold    + . .     Faith    .   c - +0 kite shield
rNeg     . . .     Spirit   .   b - +0 scale mail
rPois    +         Reflect  .   (helmet unavailable)
rElec    +         Harm     .   (no cloak)
rCorr    +         Rampage  .   (no gloves)
Will     .....                  (no boots)
Stlth    ..........             (no amulet)
HPRegen  0.10/turn              (no ring)
MPRegen  0.08/turn              (no ring)

@: mighty, resistant
A: permanent stasis, dig shafts and tunnels, antennae 3, four strong arms
a: Dig, Shaft Self


You were on level 1 of the Dungeon.
You visited 1 branch of the dungeon, and saw 2 of its levels.

You collected 20 gold pieces.

Inventory:

Hand Weapons
 a - a +0 trident (weapon)
Missiles
 g - 15 poisoned darts
Armour
 b - a +0 scale mail (worn)
 c - a +0 kite shield (worn)
Jewellery
 i - a ring of wizardry
Scrolls
 h - a scroll of noise {unknown}


   Skills:
 + Level 3.6 Fighting
 * Level 2.9 Polearms
 - Level 3.2 Armour
 - Level 3.6 Shields


You had 2 spell levels left.
You didn't know any spells.
Your spell library was empty.

Dungeon Overview and Level Annotations

Branches:
Dungeon (2/15)

Altars:
Hepliaklqana

Annotations:
D:1 Terence


Innate Abilities, Weirdness & Mutations

You cannot be hasted, slowed, berserked, paralysed or teleported.
You can dig through walls and to a lower floor.
You have a pair of large antennae on your head. (SInv)
Your four strong arms can wield two-handed weapons with a shield.


Message History

You barely miss Terence. Terence closely misses you.
You block the hobgoblin's attack.
You hit Terence but do no damage. Terence hits you with a +0 falchion.
You block the hobgoblin's attack. Terence barely misses you.
You block the hobgoblin's attack.
You hit Terence but do no damage. Terence hits you with a +0 falchion.
The hobgoblin barely misses you.
You closely miss Terence. Terence closely misses you.
The hobgoblin barely misses you. You block the hobgoblin's attack.
Terence hits you with a +0 falchion.
You see here a scroll labelled MANOHUL BUIDI.
You block the hobgoblin's attack.
The hobgoblin hits you but does no damage.
The hobgoblin hits you but does no damage.
There is a stone staircase leading up here.
Terence hits you with a +0 falchion.
You climb upwards.
There is a stone staircase leading down here.
Terence hits you with a +0 falchion.
* * * LOW HITPOINT WARNING * * *
It was a potion of resistance.
You feel protected. You block Terence's attack.
It was a potion of haste.
Your stasis prevents you from being hasted.
You block Terence's attack.
You feel very mighty all of a sudden. Terence hits you with a +0 falchion.
* * * LOW HITPOINT WARNING * * *
You hit Terence.
Terence is moderately wounded.
Terence hits you with a +0 falchion.
* * * LOW HITPOINT WARNING * * *
You barely miss Terence.
Terence is moderately wounded.
Terence closely misses you.
You closely miss Terence.
Terence is moderately wounded.
You block Terence's attack. Terence hits you with a +0 falchion.
You die...

############
#>.@@.......
#.##########
#.# #.# #.#
#.# #.. #.#


You could see Terence.

Vanquished Creatures
  3 ball pythons
  2 endoplasms (D:1)
  A giant cockroach (D:1)
  5 jackals
  A kobold (D:1)
  2 bats
  2 frilled lizards (D:1)
  2 rats (D:1)
18 creatures vanquished.

Notes
Turn   | Place    | Note
-------+----------+-------------------------------------------
     0 | D:1      | Delamore the Formicid Fighter began the quest for the Orb.
     0 | D:1      | Reached XP level 1. HP: 18/18 MP: 1/1
    88 | D:1      | Reached XP level 2. HP: 7/24 MP: 2/2
   729 | D:1      | You fall into a shaft and drop 1 floor!
   796 | D:2      | Found a hazy altar of Hepliaklqana.
   808 | D:2      | Reached XP level 3. HP: 30/30 MP: 3/3
   821 | D:2      | Noticed Terence
   855 | D:1      | Slain by Terence

Illustrated notes

Levels and vault maps discovered:
D:1:      minmay_arrival_glassed_features, layout_basic, grunt_decor_resistance
D:2:      layout_basic, basic_altar, nrook_mini_vaults, minmay_rat_gold_closets,
          uniq_terence, uniq_jessica, uniq_sigmund

Action                   || total
-------------------------++-------
Melee: Trident           ||    74
  Use: Potion            ||     3
Armor: Scale mail        ||    32
Dodge: Dodged            ||    42
Block: Kite shield       ||    37

Table legend: (Time is in decaauts)
 A = Elapsed time spent in this place.
 B = Non-inter-level travel time spent in this place.
 C = Inter-level travel time spent in this place.
 D = Time resting spent in this place.
 E = Time spent auto-exploring this place.
 F = Levels seen in this place.
 G = Mean time per level.
                   A        B        C        D        E       F      G
               +--------+--------+--------+--------+--------+-----+--------+
         Total |    881 |    881 |      0 |      0 |    726 |   2 |  440.5 |
       Dungeon |    881 |    881 |      0 |      0 |    726 |   2 |  440.5 |
               +--------+--------+--------+--------+--------+-----+--------+

Top non-repeatable levels by time:
     D:1: 753 daAuts
     D:2: 127 daAuts
